| TOP OF THE 1ST |
|
Los Angeles Dodgers batting - Pitching for Chicago Cubs : RHP Randy Budgell
|
|
Pitching: RHP Randy Budgell
|
|
|
Batting: SHB Joel Baker
|
0-0: Ball 1-0: DOUBLE (Line Drive, 9LS, EV 94.4 MPH)
|
|
Batting: LHB Chris Ringwood
|
0-0: Ball Wild Pitch! Joel Baker to third 1-0: Called Strike 1-1: Ball 2-1: SINGLE (Groundball, 34D, EV 103.1 MPH) (infield hit) Joel Baker scores
|
|
Batting: LHB Bob Branham
|
0-0: Ball 1-0: Called Strike 1-1: Fly out, F8 (Line Drive, 8RM, EV 98.8 MPH)
|
|
Batting: LHB Lirak Bazhunaishvili
|
0-0: Called Strike 0-1: Called Strike 0-2: Ball Chris Ringwood is caught stealing 2nd base 2-6 1-2: Foul Ball, location: 2F 1-2: Strikes out swinging
|
| Top of the 1st over - 1 run, 2 hits, 0 errors, 0 left on base; Los Angeles 1 - Chicago 0 |
| BOTTOM OF THE 1ST |
|
Chicago Cubs batting - Pitching for Los Angeles Dodgers : RHP Jake Koehler
|
|
Pitching: RHP Jake Koehler
|
|
|
Batting: RHB Yasuhide Kasahara
|
0-0: Ball 1-0: Foul Ball, location: 2F 1-1: Ball 2-1: Swinging Strike 2-2: Ball 3-2: Base on Balls
|
|
Batting: RHB Elijah Campbell
|
0-0: Ball 1-0: Grounds into double play, 2-6-3 (Groundball, 13S, EV 70.6 MPH)
|
|
Batting: RHB Efrain Vargas
|
0-0: Ball 1-0: Foul Ball, location: 2F 1-1: Fly out, F7 (Flyball, 7, EV 90.6 MPH)
|
| Bottom of the 1st over - 0 runs, 0 hits, 0 errors, 0 left on base; Los Angeles 1 - Chicago 0 |
| TOP OF THE 2ND |
|
Los Angeles Dodgers batting - Pitching for Chicago Cubs : RHP Randy Budgell
|
|
Batting: RHB Clay Buchanan
|
0-0: Ball 1-0: Ball 2-0: Foul Ball, location: 2F 2-1: Fly out, F8 (Flyball, 89D, EV 95.6 MPH)
|
|
Batting: RHB Tsutomu Irie
|
0-0: Ball 1-0: Ball 2-0: Ball 3-0: Called Strike 3-1: Foul Ball, location: 2F 3-2: Strikes out swinging
|
|
Batting: SHB Carlos Rodriguez
|
0-0: Ball 1-0: SOLO HOME RUN (Flyball, 8LXD, EV 109.4 MPH), Distance : 430 ft
|
|
Batting: RHB Ben Mischnick
|
0-0: Swinging Strike 0-1: Called Strike 0-2: Strikes out swinging
|
| Top of the 2nd over - 1 run, 1 hit, 0 errors, 0 left on base; Los Angeles 2 - Chicago 0 |
| BOTTOM OF THE 2ND |
|
Chicago Cubs batting - Pitching for Los Angeles Dodgers : RHP Jake Koehler
|
|
Batting: RHB Josh Kalman
|
0-0: Ball 1-0: Foul Ball, location: 2F 1-1: Ball 2-1: Called Strike 2-2: Foul Ball, location: 2F 2-2: Ball 3-2: Foul Ball, location: 2F 3-2: SINGLE (Line Drive, 9S, EV 107.5 MPH)
|
|
Batting: RHB Will Leslie
|
0-0: Ball 1-0: Swinging Strike 1-1: Ball 2-1: Foul Ball, location: 2F 2-2: Strikes out swinging
|
|
Batting: RHB Steve Bui
|
0-0: Swinging Strike 0-1: Ball 1-1: Ball 2-1: Ball 3-1: Foul Ball, location: 2F 3-2: Base on Balls Josh Kalman to second
|
|
Batting: SHB Tim Hone
|
0-0: Fielders Choice at 2nd, 6-4 (Groundball, 6M, EV 102.5 MPH) Josh Kalman to third
|
|
Batting: RHB Jamie Ogilvie
|
0-0: Called Strike 0-1: Ball Tim Hone is caught stealing 2nd base 2-4
|
| Bottom of the 2nd over - 0 runs, 1 hit, 0 errors, 1 left on base; Los Angeles 2 - Chicago 0 |
| TOP OF THE 3RD |
|
Los Angeles Dodgers batting - Pitching for Chicago Cubs : RHP Randy Budgell
|
|
Batting: LHB Dalton Silveira
|
0-0: Ground out U3 (Groundball, 3L, EV 86.9 MPH)
|
|
Batting: SHB Joel Baker
|
0-0: Swinging Strike 0-1: Foul Ball, location: 2F 0-2: Strikes out swinging
|
|
Batting: LHB Chris Ringwood
|
0-0: Ball 1-0: Called Strike 1-1: Swinging Strike 1-2: Ball 2-2: Strikes out swinging
|
| Top of the 3rd over - 0 runs, 0 hits, 0 errors, 0 left on base; Los Angeles 2 - Chicago 0 |
| BOTTOM OF THE 3RD |
|
Chicago Cubs batting - Pitching for Los Angeles Dodgers : RHP Jake Koehler
|
|
Batting: RHB Jamie Ogilvie
|
0-0: Ball 1-0: Foul Ball, location: 2F 1-1: Ball 2-1: Called Strike 2-2: Ground out 1-3 (Groundball, 13S, EV 65.0 MPH)
|
|
DELAY
|
Rain delay of 59 minutes in the 3rd inning.
|
|
Batting: RHB Andy Wasierski
|
0-0: Ball 1-0: Ball 2-0: Called Strike 2-1: SINGLE (Groundball, 5D, EV 101.2 MPH)
|
|
Batting: RHB Yasuhide Kasahara
|
0-0: Swinging Strike 0-1: Fielders Choice at 2nd, 3-6 (Groundball, 13, EV 85.0 MPH)
|
|
Batting: RHB Elijah Campbell
|
0-0: Called Strike Yasuhide Kasahara steals 2nd base 0-1: Foul Ball, location: 2F 0-2: Foul Ball, location: 2F 0-2: Strikes out looking
|
| Bottom of the 3rd over - 0 runs, 1 hit, 0 errors, 1 left on base; Los Angeles 2 - Chicago 0 |
| TOP OF THE 4TH |
|
Los Angeles Dodgers batting - Pitching for Chicago Cubs : RHP Randy Budgell
|
|
Batting: LHB Bob Branham
|
0-0: Ball 1-0: Ball 2-0: Ball 3-0: Base on Balls
|
|
Batting: LHB Lirak Bazhunaishvili
|
0-0: Ball 1-0: Ball 2-0: Ball 3-0: Called Strike 3-1: Foul Ball, location: 2F 3-2: Base on Balls Bob Branham to second
|
|
Batting: RHB Clay Buchanan
|
0-0: SINGLE (Line Drive, 89S, EV 86.2 MPH) Bob Branham to third Lirak Bazhunaishvili to second
|
|
Batting: RHB Tsutomu Irie
|
0-0: Swinging Strike 0-1: Called Strike 0-2: Ball 1-2: Ball 2-2: Fly out, F8 (Flyball, 8LD, EV 100.0 MPH) Runner from 3rd tags up, OUT at HOME! 8-2 Lirak Bazhunaishvili to third Clay Buchanan to second
|
|
Batting: SHB Carlos Rodriguez
|
0-0: Called Strike 0-1: Called Strike 0-2: Ball 1-2: Fly out, F9 (Line Drive, 9, EV 109.4 MPH)
|
| Top of the 4th over - 0 runs, 1 hit, 0 errors, 2 left on base; Los Angeles 2 - Chicago 0 |
| BOTTOM OF THE 4TH |
|
Chicago Cubs batting - Pitching for Los Angeles Dodgers : RHP Jake Koehler
|
|
Batting: RHB Efrain Vargas
|
0-0: Foul Ball, location: 2F 0-1: Swinging Strike 0-2: Ball 1-2: Foul Ball, location: 2F 1-2: Foul Ball, location: 2F 1-2: Foul Ball, location: 2F 1-2: Ground out 6-3 (Groundball, 6S, EV 66.9 MPH)
|
|
Batting: RHB Josh Kalman
|
0-0: Ball 1-0: Foul Ball, location: 2F 1-1: Ball 2-1: Foul Ball, location: 2F 2-2: Ground out U3 (Groundball, 3, EV 104.4 MPH)
|
|
Batting: RHB Will Leslie
|
0-0: Ball 1-0: Ball 2-0: Ground out 1-3 (Groundball, 13S, EV 63.8 MPH)
|
| Bottom of the 4th over - 0 runs, 0 hits, 0 errors, 0 left on base; Los Angeles 2 - Chicago 0 |
| TOP OF THE 5TH |
|
Los Angeles Dodgers batting - Pitching for Chicago Cubs : RHP Randy Budgell
|
|
Batting: RHB Ben Mischnick
|
0-0: Ball 1-0: Fly out, F9 (Flyball, 9LM, EV 82.5 MPH)
|
|
Batting: LHB Dalton Silveira
|
0-0: Called Strike 0-1: Ball 1-1: Ground out 4-3 (Groundball, 4S, EV 90.0 MPH)
|
|
Batting: SHB Joel Baker
|
0-0: Swinging Strike 0-1: Foul Ball, location: 2F 0-2: Fly out, F7 (Flyball, 7, EV 90.0 MPH)
|
| Top of the 5th over - 0 runs, 0 hits, 0 errors, 0 left on base; Los Angeles 2 - Chicago 0 |
| BOTTOM OF THE 5TH |
|
Chicago Cubs batting - Pitching for Los Angeles Dodgers : RHP Jake Koehler
|
|
Batting: RHB Steve Bui
|
0-0: Ball 1-0: Called Strike 1-1: Ball 2-1: Ball 3-1: Base on Balls
|
|
Batting: SHB Tim Hone
|
0-0: Grounds into double play, 4-6-3 (Groundball, 4S, EV 83.1 MPH)
|
|
Batting: RHB Jamie Ogilvie
|
0-0: Ball 1-0: Swinging Strike 1-1: Foul Ball, location: 2F 1-2: Foul Ball, location: 2F 1-2: Ground out 6-3 (Groundball, 6, EV 82.5 MPH)
|
| Bottom of the 5th over - 0 runs, 0 hits, 0 errors, 0 left on base; Los Angeles 2 - Chicago 0 |
| TOP OF THE 6TH |
|
Los Angeles Dodgers batting - Pitching for Chicago Cubs : RHP Randy Budgell
|
|
Batting: LHB Chris Ringwood
|
0-0: Ball 1-0: Ball 2-0: Foul Ball, location: 2F 2-1: Foul Ball, location: 2F 2-2: Strikes out looking
|
|
Batting: LHB Bob Branham
|
0-0: Ball 1-0: Swinging Strike 1-1: Called Strike 1-2: Ball 2-2: Strikes out swinging
|
|
Batting: LHB Lirak Bazhunaishvili
|
0-0: Ball 1-0: Called Strike 1-1: Fly out, F9 (Flyball, 9, EV 75.0 MPH)
|
| Top of the 6th over - 0 runs, 0 hits, 0 errors, 0 left on base; Los Angeles 2 - Chicago 0 |
| BOTTOM OF THE 6TH |
|
Chicago Cubs batting - Pitching for Los Angeles Dodgers : RHP Jake Koehler
|
|
Batting: RHB Andy Wasierski
|
0-0: Fly out, F9 (Flyball, 9D, EV 98.8 MPH)
|
|
Batting: RHB Yasuhide Kasahara
|
0-0: Called Strike 0-1: Ball 1-1: Foul Ball, location: 2F 1-2: Ground out U3 (Groundball, 34, EV 85.6 MPH)
|
|
Batting: RHB Elijah Campbell
|
0-0: Called Strike 0-1: Ground out 6-3 (Groundball, 6, EV 75.6 MPH)
|
| Bottom of the 6th over - 0 runs, 0 hits, 0 errors, 0 left on base; Los Angeles 2 - Chicago 0 |
| TOP OF THE 7TH |
|
Los Angeles Dodgers batting - Pitching for Chicago Cubs : RHP Randy Budgell
|
|
Batting: RHB Clay Buchanan
|
0-0: SINGLE (Groundball, 23, EV 65.6 MPH) (infield hit)
|
|
Batting: RHB Tsutomu Irie
|
0-0: Ball 1-0: Ball 2-0: Sac Bunt to 13 - play at first, batter OUT! 1-3 Clay Buchanan to second
|
|
Batting: SHB Carlos Rodriguez
|
0-0: Intentional Walk
|
|
Batting: RHB Ben Mischnick
|
0-0: Ball Clay Buchanan steals 3rd base Carlos Rodriguez to second 1-0: Swinging Strike 1-1: Swinging Strike 1-2: SINGLE (Groundball, 6MD, EV 88.8 MPH) (infield hit) Clay Buchanan scores Carlos Rodriguez to third
|
|
Batting: LHB Dalton Silveira
|
0-0: SINGLE (Line Drive, 56D, EV 98.8 MPH) Carlos Rodriguez scores Ben Mischnick to second
|
|
Batting: SHB Joel Baker
|
0-0: Ball 1-0: Called Strike 1-1: Foul Ball, location: 2F 1-2: Foul Ball, location: 2F 1-2: Ball 2-2: Ground out 6-3 (Groundball, 56D, EV 91.2 MPH) Ben Mischnick to third Dalton Silveira to second
|
|
Batting: LHB Chris Ringwood
|
0-0: Ball 1-0: Swinging Strike 1-1: Ball 2-1: DOUBLE (Line Drive, 7D, EV 96.9 MPH) Ben Mischnick scores Dalton Silveira scores
|
|
Pitching: RHP Rich Ortega
|
|
|
Batting: LHB Bob Branham
|
0-0: Ball 1-0: Ground out 5-3 (Groundball, 56, EV 110.0 MPH)
|
| Top of the 7th over - 4 runs, 4 hits, 0 errors, 1 left on base; Los Angeles 6 - Chicago 0 |
| BOTTOM OF THE 7TH |
|
Chicago Cubs batting - Pitching for Los Angeles Dodgers : RHP Jake Koehler
|
|
Batting: RHB Efrain Vargas
|
0-0: Ball 1-0: Called Strike 1-1: Called Strike 1-2: Fly out, F5 (Line Drive, 5, EV 75.0 MPH)
|
|
Batting: RHB Josh Kalman
|
0-0: Hit by Pitch
|
|
Batting: RHB Will Leslie
|
0-0: Ball 1-0: Called Strike 1-1: Called Strike 1-2: Foul Ball, location: 2F 1-2: Ball 2-2: Ball 3-2: Ground out 4-3 (Groundball, 4, EV 85.6 MPH) Josh Kalman to second
|
|
Batting: RHB Steve Bui
|
0-0: Ball 1-0: Ball 2-0: Foul Ball, location: 2F 2-1: Called Strike 2-2: Ball 3-2: SINGLE (Groundball, 56D, EV 103.8 MPH) Josh Kalman to third Runner from 3rd tries for Home, SAFE, throw by LF to home
|
|
Batting: SHB Tim Hone
|
0-0: Fly out, F7 (Line Drive, 7LM, EV 103.8 MPH)
|
| Bottom of the 7th over - 1 run, 1 hit, 0 errors, 1 left on base; Los Angeles 6 - Chicago 1 |
| TOP OF THE 8TH |
|
Los Angeles Dodgers batting - Pitching for Chicago Cubs : RHP Rich Ortega
|
|
Batting: LHB Lirak Bazhunaishvili
|
0-0: Swinging Strike 0-1: Ball 1-1: Ball 2-1: Swinging Strike 2-2: Ball 3-2: Strikes out swinging
|
|
Batting: RHB Clay Buchanan
|
0-0: Ball 1-0: Foul Ball, location: 2F 1-1: TRIPLE (Flyball, 89XD, EV 96.2 MPH)
|
|
Batting: RHB Tsutomu Irie
|
0-0: Ball 1-0: Called Strike 1-1: Foul Ball, location: 2F 1-2: Ball 2-2: Strikes out looking
|
|
Batting: SHB Carlos Rodriguez
|
0-0: Ball 1-0: Ground out 4-3 (Groundball, 4, EV 85.0 MPH)
|
| Top of the 8th over - 0 runs, 1 hit, 0 errors, 1 left on base; Los Angeles 6 - Chicago 1 |
| BOTTOM OF THE 8TH |
|
Chicago Cubs batting - Pitching for Los Angeles Dodgers : RHP Jake Koehler
|
|
Batting: RHB Jamie Ogilvie
|
0-0: Ball 1-0: Swinging Strike 1-1: Foul Ball, location: 2F 1-2: Foul Ball, location: 2F 1-2: Ball 2-2: DOUBLE (Line Drive, 7LS, EV 102.5 MPH)
|
|
Pitching: RHP Miguel Arguello
|
|
|
Pinch Hitting: LHB Kevin Norton
|
0-0: Ball 1-0: Ground out 2-3 (Groundball, 2L, EV 62.5 MPH) Jamie Ogilvie to third
|
|
Batting: RHB Yasuhide Kasahara
|
0-0: Ball 1-0: Fly out, F7 (Line Drive, 7, EV 90.0 MPH)
|
|
Batting: RHB Elijah Campbell
|
0-0: Ground out 6-3 (Groundball, 6, EV 95.0 MPH)
|
| Bottom of the 8th over - 0 runs, 1 hit, 0 errors, 1 left on base; Los Angeles 6 - Chicago 1 |
| TOP OF THE 9TH |
|
Los Angeles Dodgers batting - Pitching for Chicago Cubs : RHP Rich Ortega
|
|
Now in CF: Kevin Norton
|
|
|
Now in RF: Tim Hone
|
|
|
Batting: RHB Ben Mischnick
|
0-0: Foul Ball, location: 2F 0-1: DOUBLE (Line Drive, 89XD, EV 111.2 MPH)
|
|
Batting: LHB Dalton Silveira
|
0-0: Called Strike 0-1: Called Strike 0-2: Foul Ball, location: 2F 0-2: Strikes out swinging, 2-3 out at first.
|
|
Pitching: RHP Bryant Bradley
|
|
|
Batting: SHB Joel Baker
|
0-0: Called Strike 0-1: Foul Ball, location: 2F 0-2: Ball 1-2: Fly out, F9 (Flyball, 9LS, EV 83.8 MPH)
|
|
Batting: LHB Chris Ringwood
|
0-0: Ball 1-0: Foul Ball, location: 2F 1-1: Ball 2-1: Foul Ball, location: 2F 2-2: SINGLE (Line Drive, 78M, EV 104.4 MPH) Ben Mischnick to third Throwing error, E8 Ben Mischnick scores Chris Ringwood to second
|
|
Batting: LHB Bob Branham
|
0-0: Ball 1-0: SINGLE (Line Drive, 8RS, EV 97.5 MPH) Chris Ringwood to third Runner from 3rd tries for Home, SAFE, throw by CF to home
|
|
Batting: LHB Lirak Bazhunaishvili
|
0-0: Foul Ball, location: 2F 0-1: Ball 1-1: Swinging Strike 1-2: Ball 2-2: Ball 3-2: Foul Ball, location: 2F 3-2: Base on Balls Bob Branham to second
|
|
Batting: RHB Clay Buchanan
|
0-0: SINGLE (Flyball, 9S, EV 86.9 MPH) Bob Branham to third Lirak Bazhunaishvili to second Runner from 3rd tries for Home, SAFE, throw by RF to home
|
|
Batting: RHB Tsutomu Irie
|
Pickoff Throw to Second - Out!
|
| Top of the 9th over - 3 runs, 4 hits, 1 error, 1 left on base; Los Angeles 9 - Chicago 1 |
| BOTTOM OF THE 9TH |
|
Chicago Cubs batting - Pitching for Los Angeles Dodgers : RHP Miguel Arguello
|
|
Batting: RHB Efrain Vargas
|
0-0: Ball 1-0: Ball 2-0: Called Strike 2-1: Fly out, F9 (Line Drive, 9, EV 96.2 MPH)
|
|
Batting: RHB Josh Kalman
|
0-0: Ball 1-0: Fly out, F9 (Line Drive, 9, EV 95.6 MPH)
|
|
Batting: RHB Will Leslie
|
0-0: Foul Ball, location: 2F 0-1: Ball 1-1: Ball 2-1: Foul Ball, location: 2F 2-2: Foul Ball, location: 2F 2-2: SOLO HOME RUN (Flyball, 78XD, EV 102.5 MPH), Distance : 381 ft
|
|
Batting: RHB Steve Bui
|
0-0: DOUBLE (Line Drive, 7LS, EV 98.8 MPH)
|
|
Batting: SHB Tim Hone
|
0-0: Called Strike 0-1: Ball 1-1: Fly out, F7 (Flyball, 7LD, EV 101.2 MPH)
|
| Bottom of the 9th over - 1 run, 2 hits, 0 errors, 1 left on base; Los Angeles 9 - Chicago 2 |
|